 Dungeon Crawl Stone Soup version 0.26-a0-690-gcb57259078 (webtiles) character file.

Game seed: 12207769376154450454

5922 grandjackal the Warmonger (level 10, -9/82 HPs)
             Began as a Demonspawn Gladiator on Oct 24, 2020.
             Was an Elder of Okawaru.
             Killed from afar by a gargoyle (23 damage)
             ... with a stone arrow
             ... on level 9 of the Dungeon.
             The game lasted 00:09:48 (10583 turns).

grandjackal the Warmonger (Demonspawn Gladiator)   Turns: 10583, Time: 00:09:49

Health: -9/82      AC: 18    Str: 18    XL:     10   Next: 53%
Magic:  17/17      EV: 21    Int: 11    God:    Okawaru [****..]
Gold:   462        SH:  0    Dex: 15    Spells: 5/9 levels left

rFire    . . .     SeeInvis .   a - +0 long sword
rCold    . . .     Faith    .   (no shield)
rNeg     . . .     Spirit   .   i - +0 scale mail
rPois    .         Reflect  .   c - +0 helmet
rElec    .         Harm     .   y - +0 cloak
rCorr    .         Rampage  .   r - +2 pair of gloves
MR       .....                  k - +2 pair of boots
Stlth    ++........             (no amulet)
HPRegen  0.23/turn              (no ring)
MPRegen  0.15/turn              (no ring)

@: agile, lethally poisoned (-9 -> -10), heroism
A: hooves 1, foul stench 1, powered by pain 2, rot immunity, big brain 1
a: Heroism, Renounce Religion


You were on level 9 of the Dungeon.
You worshipped Okawaru.
Okawaru was greatly pleased with you.
You visited 1 branch of the dungeon, and saw 9 of its levels.
You also visited: Bailey.

You collected 462 gold pieces.

Inventory:

Hand Weapons
 a - a +0 long sword (weapon)
 A - a +1 short sword of electrocution
Missiles
 d - 2 throwing nets (quivered)
Armour
 c - a +0 helmet (worn)
 i - a +0 scale mail (worn)
 k - a +2 pair of boots (worn)
 r - a +2 pair of gloves (worn)
 y - a +0 cloak (worn)
Jewellery
 C - an uncursed amulet of guardian spirit {unknown}
Wands
 u - a wand of disintegration (2)
 D - a wand of enslavement (6)
Scrolls
 f - 6 scrolls of identify {unknown}
 g - 5 scrolls of enchant armour {unknown}
 l - 6 scrolls of teleportation {unknown}
 n - a scroll of remove curse {unknown}
 o - 2 scrolls of fear {unknown}
 p - a scroll of magic mapping {unknown}
 q - a scroll of amnesia {unknown}
 s - 3 scrolls of blinking {unknown}
 w - a scroll of brand weapon {unknown}
 x - 2 scrolls of fog {unknown}
 E - a scroll of random uselessness {unknown}
Potions
 b - 2 potions of heal wounds {unknown}
 e - a potion of brilliance {unknown}
 h - a potion of flight {unknown}
 j - 2 potions of might {unknown}
 m - 4 potions of mutation {unknown}
 t - a potion of magic {unknown}
 v - a potion of ambrosia {unknown}
 z - a potion of curing {unknown}
 B - a potion of stabbing {unknown}


   Skills:
 + Level 8.4(13.4) Fighting
 + Level 7.9(12.9) Long Blades
 - Level 1.7(6.7) Throwing
 + Level 4.8(9.8) Armour
 - Level 6.0(11.0) Dodging
 + Level 9.9 Invocations


You had 5 spell levels left.
You knew the following spells:

 Your Spells              Type           Power        Failure   Level
a - Passage of Golubria   Tloc           N/A          100%        4

Your spell library contained the following spells:

 Spells                   Type           Power        Failure   Level
 Passwall                 Tmut/Erth      #.......     80%         2
 Swiftness                Air            #.......     80%         2
 Lee's Rapid Deconstruct  Erth           #.........   100%        5
 Invisibility             Hex            #.......     100%        6


Dungeon Overview and Level Annotations

Branches:
Dungeon (9/15)             Temple (0/1) D:6          Bailey (visited)
   Lair: D:8-11         Orc: D:9-12

Altars:
Gozag
Hepliaklqana
Makhleb
Okawaru
Vehumet
Yredelemnul
The Shining One

Shops:
D:6 }   D:7 (   D:9 :

Annotations:
D:5 1 runed translucent door, FIREandBLOOD's ghost, weakling DEDe


Innate Abilities, Weirdness & Mutations

You have large cloven feet.
You may emit foul miasma when damaged in melee.
You sometimes gain power by taking damage.
You are immune to rotting.
You have an unusually large brain. (Int +2)


Message History

The gargoyle hits you with a +0 flail!
You focus on the pain.
You feel more agile all of a sudden.
You emit a cloud of foul miasma!
You barely miss the gargoyle.
The gargoyle is severely damaged.
You feel sick. The orc hits you but does no damage.
The gargoyle hurls a stone arrow at you.
The stone arrow hits you!!
* * * LOW HITPOINT WARNING * * *
You hit the gargoyle but do no damage.
The gargoyle is severely damaged.
The orc barely misses you.
You riposte.
You barely miss the orc. The orc misses you.
You riposte.
You slice the orc!!
You kill the orc!
Okawaru accepts your kill.
You hit the gargoyle but do no damage.
The gargoyle is severely damaged.
The gargoyle hurls a stone arrow at you.
The stone arrow hits you!!
You die...

........................
...........#............
..........###...........
...........#.......... .
...................#..
..................##
...................
......).o..........
......#@)(.......
.....###9........ .....
#.......... ....
............ ..
............. .
...............
...............
o........#.....


You could see a gargoyle and an orc.

Vanquished Creatures
  A two-headed ogre (D:8)
  An elephant (D:8)
  A wyvern (D:9)
  A wraith (D:8)
  5 yaks (D:8)
  Menkaure (D:5)
  Edmund (D:5)
  2 ice beasts
  2 black bears (D:9)
  3 orc warriors
  A phantom (D:5)
  A necrophage (D:8)
  7 centaurs
  6 ogres
  A big kobold (D:8)
  An elf zombie (D:8)
  3 bullfrogs
  An elf skeleton (D:8)
  A wyvern zombie (D:7)
  4 scorpions
  A killer bee (D:9)
  2 howler monkeys (D:8)
  A bullfrog zombie (D:6)
  3 hounds
  4 human zombies (D:8)
  A centaur zombie (D:4)
  6 orc priests
  An iguana (D:6)
  A human skeleton (D:8)
  6 orc wizards
  3 worker ants
  A hound skeleton (D:5)
  A mummy (D:8)
  A worker ant zombie (D:9)
  4 gnolls (D:7)
  7 adders
  2 shadow imps (D:9)
  2 ufetubi (D:5)
  2 oozes
  A worm (D:3)
  3 dart slugs (D:1)
  4 leopard geckos
  16 orcs
  5 bats
  7 giant cockroaches
  6 goblins
  9 hobgoblins
  10 jackals
  9 kobolds
  3 quokkas
  10 frilled lizards
  2 orc zombies (D:8)
  11 rats
189 creatures vanquished.

Vanquished Creatures (others)
  An orc wizard (D:9)
  2 orcs
3 creatures vanquished.

Grand Total: 192 creatures vanquished

Notes
Turn   | Place    | Note
-------+----------+-------------------------------------------
     0 | D:1      | grandjackal the Demonspawn Gladiator began the quest for
                  | the Orb.
     0 | D:1      | Reached XP level 1. HP: 16/16 MP: 1/1
   156 | D:1      | Gained mutation: You are immune to rotting. [demonic
                  | ancestry]
   156 | D:1      | Reached XP level 2. HP: 20/22 MP: 2/2
   429 | D:1      | Gained mutation: You sometimes gain a little power by
                  | taking damage. [demonic ancestry]
   429 | D:1      | Reached XP level 3. HP: 15/28 MP: 3/3
  1576 | D:2      | Gained mutation: You may emit foul miasma when damaged in
                  | melee. [demonic ancestry]
  1576 | D:2      | Reached XP level 4. HP: 35/35 MP: 4/4
  2310 | D:3      | Found an iron altar of Okawaru.
  2316 | D:3      | Became a worshipper of Warmaster Okawaru
  2829 | D:3      | Found a burning altar of Makhleb.
  3172 | D:4      | Gained mutation: You sometimes gain power by taking damage.
                  | [demonic ancestry]
  3172 | D:4      | Reached XP level 5. HP: 17/41 MP: 5/5
  3463 | D:4      | Noticed an ogre
  3475 | D:4      | Killed an ogre
  3475 | D:4      | Reached skill level 1 in Invocations
  3723 | D:4      | Reached skill level 2 in Invocations
  4007 | D:5      | Entered Level 5 of the Dungeon
  4096 | D:5      | Noticed Menkaure
  4102 | D:5      | Killed Menkaure
  4102 | D:5      | Gained mutation: You have an unusually large brain. (Int
                  | +2) [demonic ancestry]
  4102 | D:5      | Reached XP level 6. HP: 18/48 MP: 6/8
  4356 | D:5      | Reached * piety under Okawaru
  4356 | D:5      | Reached skill level 3 in Invocations
  4443 | D:5      | Reached XP level 7. HP: 41/55 MP: 9/9
  4511 | D:5      | Noticed Edmund
  4519 | D:5      | Killed Edmund
  4519 | D:5      | Reached skill level 4 in Invocations
  4793 | D:5      | Reached ** piety under Okawaru
  5159 | D:5      | Reached skill level 5 in Fighting
  5159 | D:5      | Reached skill level 5 in Dodging
  5171 | D:5      | Reached skill level 5 in Long Blades
  5208 | D:5      | Found a runed translucent door.
  5208 | D:5      | Noticed FIREandBLOOD's ghost (weakling DEDe)
  5286 | D:6      | Reached skill level 5 in Invocations
  5286 | D:6      | Reached XP level 8. HP: 53/62 MP: 11/11
  5424 | D:6      | Found a staircase to the Ecumenical Temple.
  5452 | D:6      | Found an opulent altar of Gozag.
  5535 | D:6      | Found Uhazas's Gadget Emporium.
  6064 | D:6      | Reached *** piety under Okawaru
  6064 | D:6      | Reached skill level 6 in Invocations
  6205 | D:6      | Found a hazy altar of Hepliaklqana.
  6623 | D:7      | Found a flagged portal.
  6630 | Bailey   | Entered a bailey
  6630 | Bailey   | Noticed an orc knight
  6630 | Bailey   | Noticed an orc knight
  7213 | D:7      | Found a radiant altar of Vehumet.
  7218 | D:7      | Found a glowing golden altar of the Shining One.
  7348 | D:7      | Found Voimogant's Antique Weapon Emporium.
  7406 | D:7      | Gained mutation: You have large cloven feet. [demonic
                  | ancestry]
  7406 | D:7      | Reached XP level 9. HP: 70/70 MP: 14/14
  7748 | D:8      | Reached skill level 1 in Armour
  7748 | D:8      | Reached skill level 7 in Invocations
  7936 | D:8      | Noticed a two-headed ogre
  7954 | D:8      | Killed a two-headed ogre
  7954 | D:8      | Reached **** piety under Okawaru
  7954 | D:8      | Reached skill level 8 in Invocations
  8685 | D:8      | Found a basalt altar of Yredelemnul.
  9308 | D:9      | Reached XP level 10. HP: 64/79 MP: 16/16
  9405 | D:9      | Reached skill level 9 in Invocations
  9619 | D:8      | Learned a level 4 spell: Passage of Golubria
  9770 | D:9      | Noticed an elephant
 10263 | D:8      | Killed an elephant
 10458 | D:9      | Found Musun's Book Emporium.
 10565 | D:9      | Noticed a gargoyle
 10583 | D:9      | Killed from afar by a gargoyle

Illustrated notes

Levels and vault maps discovered:
D:1:      heliophobic_arrival_henge, layout_rooms
D:2:      minmay_skewed_foursquare, layout_loops_corners
D:3:      layout_basic, marbit_many_paths, okawaru_ov_weapons_minmay,
          minmay_bisected
D:4:      layout_rooms, lemuel_flame_loot_1
D:5:      layout_rooms, hellmonk_ghost_happy_afterlife, uniq_menkaure,
          uniq_edmund
D:6:      layout_basic, old_standard_altar, lemuel_crystal_altar,
          minmay_temple_entry_sparse_star, serial_shops,
          nicolae_shop_statue_plus
D:7:      layout_basic, grunt_temple_overflow_open, enter_bailey_2,
          serial_shops, nicolae_shop_window_shopping, feat_on_display
D:8:      layout_rooms, lemuel_mausoleum_altar_yredelemnul
D:9:      layout_big_octagon, nicolae_overflow_hidden_temple,
          david_lair_generic, serial_shops, nicolae_shop_crystal,
          kennysheep_small_square

Skill      XL: |  1  2  3  4  5  6  7  8  9 10 |
---------------+-------------------------------+-----
Dodging        | 3 4 5 6 |  6.0
Long Blades    | 3 4 5 6 7 |  7.9
Fighting       | 3 4 5 6 7 8 |  8.4
Invocations    | 2 3 5 6 8 9 |  9.9
Armour         | 3 4 |  4.8
Throwing       | |  1.7

Action                   |  1- 3 |  4- 6 |  7- 9 | 10-12 || total
-------------------------+-------+-------+-------+-------++-------
Melee: Long sword        |   118 |   141 |   440 |   187 ||   886
       Punch             |       |       |       |     3 ||     3
Throw: Throwing net      |       |     1 |       |       ||     1
Invok: Heroism           |       |       |     1 |     4 ||     5
Evoke: Wand              |       |     1 |    13 |       ||    14
 Stab: Sleeping          |     1 |     1 |       |       ||     2
Armor: Leather armour    |    49 |    57 |       |       ||   106
       Scale mail        |       |    22 |   214 |    94 ||   330
Dodge: Dodged            |    98 |   139 |   328 |   149 ||   714
       Rpst.: Long sword |    39 |    38 |   101 |    43 ||   221

Table legend: (Time is in decaauts)
 A = Elapsed time spent in this place.
 B = Non-inter-level travel time spent in this place.
 C = Inter-level travel time spent in this place.
 D = Time resting spent in this place.
 E = Time spent auto-exploring this place.
 F = Levels seen in this place.
 G = Mean time per level.
                   A        B        C        D        E       F      G
               +--------+--------+--------+--------+--------+-----+--------+
         Total |  10686 |  10406 |    280 |   3347 |   5294 |  10 | 1068.6 |
       Dungeon |  10683 |  10403 |    280 |   3347 |   5294 |   9 | 1187.0 |
        Bailey |      2 |      2 |      0 |      0 |      0 |   1 |    2.0 |
               +--------+--------+--------+--------+--------+-----+--------+

Top non-repeatable levels by time:
     D:8: 2231 daAuts
     D:3: 1542 daAuts
     D:6: 1288 daAuts
     D:7: 1200 daAuts
     D:5: 1150 daAuts
     D:2: 1111 daAuts
     D:4: 834 daAuts
     D:1: 702 daAuts
     D:9: 621 daAuts
  Bailey: 2 daAuts
